 Dungeon Crawl Stone Soup version 0.29.1-15-g9cfb28693d (webtiles) character file.

Game seed: 5768092720899761458

4573 BuddhaDhamma the Severer (level 10, -11/77 HPs)
             Began as a Minotaur Berserker on Mar 20, 2023.
             Was an Elder of Trog.
             Mangled by an orc warrior
             ... wielding a +0 trident
              (12 damage)
             ... on level 9 of the Dungeon.
             The game lasted 00:17:09 (10559 turns).

BuddhaDhamma the Severer (Minotaur Berserker)      Turns: 10559, Time: 00:17:10

Health: -11/77     AC: 10    Str: 25    XL:     10   Next: 18%
Magic:  9/9        EV:  9    Int:  4    God:    Trog [****..]
Gold:   172        SH:  0    Dex: 13    Spells: 9/9 levels left

rFire   . . .      SeeInvis +   m - +2 war axe (vorpal)
rCold   + . .      Faith    .   (no shield)
rNeg    . . .      Spirit   .   s - +0 chain mail
rPois   .          Reflect  .   k - +2 hat
rElec   .          Harm     .   r - scarf {repulsion}
rCorr   .          Rampage  .   (no gloves)
Will    .....                   (no boots)
Stlth   ..........              f - amulet "Jeduisav" {RegenMP Dex+2 SInv}
HPRegen 0.22/turn               l - ring of protection from cold
MPRegen 0.51/turn               (no ring)

@: mighty, on berserk cooldown, slowed, repel missiles, very slow
A: horns 2, retaliatory headbutt
a: Renounce Religion, Berserk, Trog's Hand, Brothers in Arms


You were on level 9 of the Dungeon.
You worshipped Trog.
Trog was greatly pleased with you.
You visited 1 branch of the dungeon, and saw 9 of its levels.

You collected 440 gold pieces.
You spent 268 gold pieces at shops.

Inventory:

Hand Weapons
 m - a +2 vorpal war axe (weapon)
Missiles
 n - 5 poisoned darts (quivered)
Armour
 k - a +2 hat (worn)
 r - a scarf of repulsion (worn)
 s - a +0 chain mail (worn)
Jewellery
 f - the amulet "Jeduisav" (around neck) {RegenMP Dex+2 SInv}
   (You took it off a hobgoblin on level 2 of the Dungeon)

   [amulet of magic regeneration]

   It increases your rate of magic regeneration.
   Dex:       It affects your dexterity (+2).
   SInv:      It lets you see invisible.
 l - a ring of protection from cold (left hand)
 q - a +6 ring of intelligence
 u - a ring of magical power
Scrolls
 a - 2 scrolls of fog
 b - 2 scrolls of fear
 i - 4 scrolls of teleportation
Potions
 c - a potion of flight {unknown}
 d - 3 potions of attraction
 e - 2 potions of lignification
 g - 5 potions of curing
 h - 3 potions of ambrosia
 j - a potion of haste {unknown}
 o - a potion of resistance {unknown}
 p - 2 potions of might
 t - a potion of berserk rage {unknown}
 v - a potion of degeneration {unknown}
 w - 2 potions of brilliance {unknown}


   Skills:
 - Level 3.6 Fighting
 + Level 17.6 Axes
 - Level 2.4 Armour
 - Level 2.1 Dodging


You had 9 spell levels left.
You didn't know any spells.
Your spell library was empty.

Dungeon Overview and Level Annotations

Branches:
Dungeon (9/15)             Temple (0/1) D:4            Lair (0/5) D:8
    Orc: D:9-12

Altars:
Gozag
Qazlal
Sif Muna
Trog

Shops:
D:5 !   D:6 :[


Innate Abilities, Weirdness & Mutations

You have a pair of horns on your head.
You reflexively headbutt those who attack you in melee.


Message History

You kill the orc!
Trog accepts your kill.
The orc warrior hits you from afar with a +0 trident!
* * * LOW HITPOINT WARNING * * *
The orc warrior closely misses you. You furiously retaliate!
You headbutt the orc warrior!!
You kill the orc warrior!
Trog accepts your kill.
You closely miss the orc warrior. Your headbutt misses the orc warrior.
The orc warrior barely misses you.
You slash the orc warrior! You headbutt the orc warrior.
The orc warrior is heavily wounded.
The orc warrior barely misses you. You furiously retaliate!
You headbutt the orc warrior. You slice the orc warrior!!
You kill the orc warrior!
Trog accepts your kill.
You barely miss the orc. You headbutt the orc!
You kill the orc!
Trog accepts your kill. The orc warrior closely misses you.
You hit the orc. Your headbutt misses the orc. Your punch misses the orc.
The orc is severely wounded.
The orc hits you but does no damage.
The orc warrior hits you from afar with a +0 trident.
* * * LOW HITPOINT WARNING * * *
You hit the orc.
You kill the orc!
Trog accepts your kill.
The orc warrior hits you but does no damage.
Your ogre goes berserk!
The orc warrior hits you from afar with a +0 trident.
* * * LOW HITPOINT WARNING * * *
The orc warrior hits you from afar with a +0 trident!
* * * LOW HITPOINT WARNING * * *
You swap places.
The orc warrior hits your ogre with a +0 trident!
Your ogre hits the orc warrior with a +0 giant spiked club!
The orc warrior hits you from afar with a +0 trident!
You die...

.....######........#
.....'...##........#
.....###..'.......$#
...).# #########.).#
.....# #....o#)).#
.....# #...oo#)..#
##'### #..o..o.###
#.# #..ooo#O# #.#
#...o.#@# #.# #####
#.# #.# #.# #.# ...
#.# ..... #.# .......
##.# #.......# ...###
#.......#
#....########.......#


You could see an orc warrior (ally target), 2 orcs and a friendly ogre
(summoned, berserk).

Vanquished Creatures
  A troll (D:9)
  A wyvern (D:8)
  2 wargs (D:8)
  2 water moccasins
  2 ice beasts
  2 black bears
  An ogre (D:5)
  5 orc warriors
  7 centaurs
  A phantom (D:6)
  2 bullfrogs
  3 necrophages
  5 scorpions
  5 wights (D:8)
  7 killer bees
  4 howler monkeys
  3 hounds
  5 orc priests
  2 gnoll boudas (D:7)
  An iguana (D:5)
  6 orc wizards (D:8)
  Robin (D:2)
  19 adders
  10 gnolls
  2 shadow imps
  2 white imps (D:8)
  2 worms (D:4)
  3 dart slugs
  27 orcs
  14 ball pythons
  6 endoplasms
  3 giant cockroaches
  13 goblins
  8 hobgoblins
  7 jackals
  5 quokkas
  9 bats
  3 frilled lizards (D:1)
  5 kobolds
  5 rats (D:1)
211 creatures vanquished.

Notes
Turn   | Place    | Note
-------+----------+-------------------------------------------
     0 | D:1      | BuddhaDhamma the Minotaur Berserker began the quest for the
                  | Orb.
     0 | D:1      | Reached XP level 1. HP: 19/19 MP: 0/0
    27 | D:1      | Reached skill level 4 in Axes
    34 | D:1      | Reached XP level 2. HP: 12/26 MP: 1/1
   227 | D:1      | Found a faded altar of an unknown god.
   774 | D:1      | Reached skill level 5 in Axes
   882 | D:1      | Reached XP level 3. HP: 31/31 MP: 2/2
   925 | D:1      | Reached ** piety under Trog
  1246 | D:2      | Found a bloodstained altar of Trog.
  1303 | D:2      | You fall into a shaft and drop 2 floors!
  1818 | D:2      | Identified the amulet "Jeduisav" {RegenMP Dex+2 SInv}
  1842 | D:2      | Reached skill level 6 in Axes
  1842 | D:2      | Reached XP level 4. HP: 33/39 MP: 3/3
  2100 | D:2      | Noticed Robin
  2111 | D:2      | Killed Robin
  2418 | D:3      | Identified the +9 trident "Spiderbane" {vorpal, Str+3}
  2825 | D:3      | Reached XP level 5. HP: 44/45 MP: 4/4
  2974 | D:3      | Reached skill level 7 in Axes
  3590 | D:4      | Reached *** piety under Trog
  3877 | D:4      | Reached skill level 8 in Axes
  3877 | D:4      | Reached XP level 6. HP: 45/51 MP: 5/5
  4179 | D:4      | Reached skill level 9 in Axes
  4522 | D:4      | Found a staircase to the Ecumenical Temple.
  4795 | D:5      | Entered Level 5 of the Dungeon
  4865 | D:5      | Noticed an ice beast
  4876 | D:5      | Killed an ice beast
  4877 | D:5      | Reached XP level 7. HP: 54/57 MP: 6/6
  5042 | D:5      | Found Ageher's Distillery.
  5051 | D:5      | Bought a potion of heal wounds for 60 gold pieces
  5102 | D:5      | Reached skill level 10 in Axes
  5437 | D:5      | Reached skill level 11 in Axes
  6033 | D:5      | Reached XP level 8. HP: 48/64 MP: 7/7
  6269 | D:6      | Reached skill level 12 in Axes
  6432 | D:6      | Found Niute's Book Emporium.
  6759 | D:6      | Found Ices's Armour Emporium.
  6765 | D:6      | Bought a +2 hat for 208 gold pieces
  6804 | D:6      | Reached skill level 13 in Axes
  6833 | D:6      | HP: 3/64 [poisoned by a water moccasin]
  7753 | D:7      | Reached skill level 14 in Axes
  8094 | D:7      | Reached XP level 9. HP: 64/70 MP: 8/8
  8515 | D:7      | Found an opulent altar of Gozag.
  8524 | D:7      | Found a stormy altar of Qazlal.
  8525 | D:7      | Found a shimmering blue altar of Sif Muna.
  8882 | D:8      | Reached skill level 15 in Axes
  8892 | D:8      | Found a staircase to the Lair.
  8901 | D:8      | Reached **** piety under Trog
  9262 | D:8      | Reached skill level 16 in Axes
  9291 | D:8      | HP: 2/70 [centaur/arrow (9)]
 10100 | D:9      | Noticed a troll
 10108 | D:9      | Killed a troll
 10109 | D:9      | Reached skill level 17 in Axes
 10109 | D:9      | Reached XP level 10. HP: 57/77 MP: 9/9
 10557 | D:9      | HP: 1/77 [orc warrior/+0 trident (15)]
 10559 | D:9      | Mangled by an orc warrior

Illustrated notes

Levels and vault maps discovered:
D:1:      eino_arrival_cavern_d, layout_loops_ring,
          dreamdust_ecumenical_altar_angels_and_demons, dk_noncrumbling_2,
          roderic_filled_cross, minmay_octomino_e4
D:2:      layout_loops_ring, basic_altar,
          nicolae_concentric_dashed_squares_wild, uniq_crazy_yiuf_cottage,
          uniq_robin
D:3:      layout_basic
D:4:      layout_layer_cave, temple_hall, minmay_snake_closets
D:5:      layout_loops_ring, serial_shops, shop
D:6:      layout_basic, serial_shops, shop, nicolae_shop_advertising_works
          [nicolae_subvault_shop_adworks]
D:7:      layout_basic, grunt_temple_overflow_open, amcnicky_mini_pool_medium
D:8:      layout_rooms, erik_lair_orcish_takeover, enter_bailey_6
D:9:      layout_roguey, mainiacjoe_overflow_alcove_1, special_room
          [special_room_orc]

Skill      XL: |  1  2  3  4  5  6  7  8  9 |
---------------+----------------------------+-----
Axes           | 4 5 6 8 9 11 14 17 | 17.6
Fighting       | |  3.6
Armour         | |  2.4
Dodging        | |  2.1

Action                   |  1- 3 |  4- 6 |  7- 9 | 10-12 || total
-------------------------+-------+-------+-------+-------++-------
Melee: Hand axe          |    78 |     4 |       |       ||    82
       Headbutt          |     7 |    15 |    37 |     9 ||    68
       War axe           |       |   121 |   216 |    42 ||   379
       Punch             |       |     1 |     3 |       ||     4
Invok: Berserk           |       |       |     3 |     1 ||     4
       Brothers in Arms  |       |       |       |     1 ||     1
  Use: Scroll            |       |     8 |     8 |       ||    16
       Potion            |       |       |     4 |     1 ||     5
Armor: Animal skin       |     6 |       |       |       ||     6
       Leather armour    |    10 |       |       |       ||    10
       Scale mail        |     5 |    22 |       |       ||    27
       Chain mail        |       |    36 |   111 |    24 ||   171
Dodge: Dodged            |    50 |    72 |   121 |    18 ||   261
       Repelled          |       |       |     2 |       ||     2
